 Dungeon Crawl Stone Soup version 0.21.1-1-g345015f (webtiles) character file.

372 jonalf the Cleaver (level 6, 0/76 HPs)
             Began as a Minotaur Fighter on Feb 14, 2018.
             Slain by an ogre
             ... wielding a cursed +0 giant club
              (8 damage)
             ... on level 4 of the Dungeon.
             The game lasted 00:11:31 (2922 turns).

jonalf the Cleaver (Minotaur Fighter)               Turns: 2922, Time: 00:11:32

Health: 0/76       AC: 23    Str: 22    XL:     6   Next: 43%
Magic:  5/5        EV:  2    Int:  5    God:
Gold:   149        SH:  0    Dex: 10    Spells: 5/5 levels left

rFire    . . .     SeeInvis .   a - +0 war axe
rCold    . . .     Gourm    +   (no shield)
rNeg     + + +     Faith    .   (armour currently unavailable)
rPois    +         Spirit   .   (helmet currently unavailable)
rElec    .         Reflect  .   (cloak currently unavailable)
rCorr    .         Harm     .   (gloves currently unavailable)
MR       .....     NoTele   +   (boots currently unavailable)
Stlth    +.........             r - amulet of the gourmand
HPRegen  0.22/turn              (no ring)
MPRegen  0.09/turn              (no ring)

@: tree-form, drained
A: (retaliatory headbutt)
a: no special abilities


You were on level 4 of the Dungeon.
You were completely stuffed.
You were a tree.
You visited 1 branch of the dungeon, and saw 4 of its levels.

You collected 149 gold pieces.

Inventory:

Hand Weapons
 a - a +0 war axe (weapon)
Missiles
 i - 11 bolts
Armour
 b - a +0 scale mail
 d - the +2 robe "Ywiavoes" {+Blink rC+++}
   (You found it on level 4 of the Dungeon)

   It renders you almost immune to cold.
   It lets you blink.
 j - a +0 pair of gloves (melded)
 l - +0 acid dragon scales (melded)
Jewellery
 r - an amulet of the gourmand (around neck)
 s - an uncursed amulet of harm
Scrolls
 e - 5 scrolls of remove curse
 g - a scroll of amnesia {unknown}
 h - a scroll of noise {unknown}
 m - a scroll of fog {unknown}
 o - a scroll of fear {unknown}
 p - a scroll of blinking {unknown}
 q - 2 scrolls of teleportation {unknown}
 t - a scroll of magic mapping {unknown}
Potions
 c - a potion of agility
 u - a potion of curing {unknown}
 w - a potion of might
 x - a potion of magic {unknown}
Books
 n - a book of Minor Magic

   Spells                             Type                      Level
   a - Magic Dart                     Conjuration                  1
   b - Blink                          Translocation                2
   c - Call Imp                       Summoning                    2
   d - Slow                           Hexes                        2
   e - Conjure Flame                  Conjuration/Fire             3
   f - Mephitic Cloud                 Conjuration/Poison/Air       3
Comestibles
 f - 7 rations
 v - 2 chunks of flesh


   Skills:
 - Level 3.6(3.0) Fighting
 + Level 8.3(7.7) Axes
 - Level 3.6(3.0) Armour
   Level 3.6(3.0) Shields


You had 5 spell levels left.
You didn't know any spells.

Dungeon Overview and Level Annotations

Branches:
Dungeon (4/15)
 Temple: D:4-7

Altars:
Qazlal


Innate Abilities, Weirdness & Mutations

((You reflexively headbutt those who attack you in melee.))
((You have a pair of horns on your head.))


Message History

You turn into a tree.
Your +0 pair of gloves melds into your body.
Your +0 acid dragon scales melds into your body.
Your roots penetrate the ground.
The ogre hits you with a giant club.
You barely miss the ogre.
The ogre is heavily wounded.
The ogre hits you but does no damage.
You hit the ogre.
The ogre is heavily wounded.
The ogre hits you with a giant club.
You barely miss the ogre.
The ogre is heavily wounded.
You slash the ogre!
The ogre is severely wounded.
The ogre hits you with a giant club!!
* * * LOW HITPOINT WARNING * * *
You barely miss the ogre.
The ogre is severely wounded.
The ogre hits you with a giant club!
You die...

####### #.....# #.###.#
##.#...# ####
###......###.%g########
#..........#.ggO).....#
#.#..#.#.### #♣.###.#
#.#..#.#.#
##...##.#########
#.#....#.#
#...###.........#
#.##.....# ##.##
#########.# #.####.###
#.# #.# #.####.# #.#
#.## #......# ##'##
#..## ######.# ##...##
##.#.# #.# ##.....##
###...#.


You could see an ogre and 3 goblins.

Vanquished Creatures
  A hound (D:4)
  A centaur skeleton (D:4)
  2 orc wizards (D:4)
  2 iguanas (D:4)
  3 worker ants
  Robin (D:3)
  4 adders (D:3)
  An ooze (D:2)
  An adder skeleton (D:4)
  A worm (D:3)
  3 dart slugs (D:2)
  6 orcs
  3 bats
  2 giant cockroaches
  13 goblins
  11 hobgoblins
  3 jackals (D:4)
  2 ball pythons (D:2)
  3 frilled lizards
  7 kobolds
  4 rats
74 creatures vanquished.

Notes
Turn   | Place    | Note
-------+----------+-------------------------------------------
     0 | D:1      | jonalf the Minotaur Fighter began the quest for the Orb.
     0 | D:1      | Reached XP level 1. HP: 19/19 MP: 0/0
   720 | D:2      | Reached skill level 3 in Axes
   803 | D:2      | Reached XP level 2. HP: 26/26 MP: 1/1
   924 | D:2      | Reached skill level 4 in Axes
  1096 | D:2      | Reached XP level 3. HP: 30/31 MP: 2/2
  1262 | D:2      | Found a stormy altar of Qazlal.
  1570 | D:3      | Reached skill level 5 in Axes
  1815 | D:3      | Reached XP level 4. HP: 39/39 MP: 3/3
  1906 | D:3      | Noticed Robin
  1917 | D:3      | Killed Robin
  1917 | D:3      | Reached skill level 6 in Axes
  1993 | D:3      | Reached XP level 5. HP: 44/45 MP: 4/4
  2335 | D:4      | Reached skill level 7 in Axes
  2517 | D:4      | Got a silken robe
  2528 | D:4      | Identified the +2 robe "Ywiavoes" {+Blink rC+++} (You found it on level 4 of the Dungeon)
  2602 | D:4      | Reached XP level 6. HP: 39/51 MP: 5/5
  2632 | D:4      | Reached skill level 8 in Axes
  2922 | D:4      | Slain by an ogre

Skill      XL: |  1  2  3  4  5  6 |
---------------+-------------------+-----
Axes           | 3 4 5 6 7 8 |  8.3
Fighting       | |  3.6
Armour         | |  3.6
Shields        | |  3.6

Action                   |  1- 3 |  4- 6 || total
-------------------------+-------+-------++-------
Melee: War axe           |    54 |    98 ||   152
       Headbutt          |     7 |    11 ||    18
  Use: Scroll            |     4 |     1 ||     5
       Potion            |       |     3 ||     3
  Eat: Chunk             |     3 |    32 ||    35
Armor: Scale mail        |     9 |       ||     9
       Acid dragon scale |    15 |    42 ||    57
       Skin              |       |     1 ||     1
Dodge: Dodged            |    43 |    43 ||    86
